General information
- name: BNet
- type: Ladder team game (AT/RT)
- host: Battle.net
- saver: dirtmcwordup
map: SilverpineForest
- players: 6
- length: 161:05
- speed: Fast
- version: 1.21 W3XP
- replay type:

» download(773 KB)
Players
team 1 (winner)
BEAR_AND (
green | 35 APM | 5689 actions | 161:01)
8 Warden
3 Shadow Strike
3 Blink
2 Fan of Knives
» actions
| Assign group hotkey | 17 | |
| Basic commands | 45 | |
| Build / train | 84 | |
| Enter build submenu | 29 | |
| Enter hero's abilities submenu | 8 | |
| Give item / drop item | 9 | |
| Remove unit from queue | 15 | |
| Right click | 3885 | |
| Select / deselect | 510 | |
| Select group hotkey | 613 | |
| Use ability | 472 | |
5689 total
» units
| Wisp | 25 | |
| Chimaera | 4 | |
| Druid of the Talon | 4 | |
| Glaive Thrower | 1 | |
| Hippogryph | -1 | |
| Goblin Zeppelin | 2 | |
35 total
» upgrades
| Ultravision | 1 | |
| Well Spring | 1 | |
| Strength of the Wild | 3 | |
| Reinforced Hides | 3 | |
| Corrosive Breath | 1 | |
| Druid of the Talon Training | 2 | |
| Vorpal Blades | 1 | |
| Mark of the Talon | 1 | |
13 total
» buildings
| Moon Well | 11 | |
| Altar of Elders | 2 | |
| Tree of Ages | 1 | |
| Hunter's Hall | 1 | |
| Tree of Life | 2 | |
| Tree of Eternity | 1 | |
| Ancient of Wind | 2 | |
| Ancient of Wonders | 1 | |
| Chimaera Roost | 2 | |
| Ancient of War | 1 | |
24 total
» build order
00:11 Moon Well
00:16 Moon Well
00:18 Altar of Elders
00:52 Moon Well
04:38 Tree of Ages
04:41 Hunter's Hall
05:43 Moon Well
06:08 Tree of Life
06:41 Moon Well
08:25 Tree of Eternity
08:58 Ancient of Wind
09:34 Ancient of Wonders
10:59 Chimaera Roost
11:01 Chimaera Roost
11:39 Ancient of War
26:42 Moon Well
27:18 Ancient of Wind
28:36 Tree of Life
31:47 Moon Well
34:46 Altar of Elders
40:09 Moon Well
40:11 Moon Well
40:12 Moon Well
41:14 Moon Well
» items
| Boots of Speed | 1 | |
| Staff of Teleportation | 1 | |
| Orb of Venom | 1 | |
| Staff of Preservation | 1 | |
| Hood of Cunning | 1 | |
| Lesser Clarity Potion | 2 | |
| Potion of Healing | 1 | |
| Healing Salve | 1 | |
9 total
dirtmcwordup (
purple | 34 APM | 5504 actions | 161:05)
10 Blademaster
3 Wind Walk
3 Critical Strike
2 Bladestorm
2 Mirror Image
6 Shadow Hunter
2 Hex
3 Healing Wave
1 Big Bad Voodoo
» actions
| Assign group hotkey | 19 | |
| Basic commands | 94 | |
| Build / train | 123 | |
| ESC pressed | 4 | |
| Enter build submenu | 126 | |
| Enter hero's abilities submenu | 16 | |
| Give item / drop item | 30 | |
| Remove unit from queue | 1 | |
| Right click | 2854 | |
| Select / deselect | 794 | |
| Select group hotkey | 933 | |
| Use ability | 508 | |
5504 total
» units
| Peon | 24 | |
| Troll Batrider | 15 | |
| Wind Rider | 9 | |
48 total
» upgrades
| Spiked Barricades | 1 | |
| Ranged Weapons | 3 | |
| Reinforced Defenses | 1 | |
| Envenomed Spears | 1 | |
| Armor | 3 | |
| Liquid Fire | 1 | |
| Pillage | 1 | |
11 total
» buildings
| Orc Burrow | 16 | |
| War Mill | 3 | |
| Altar of Storms | 2 | |
| Watch Tower | 100 | |
| Voodoo Lounge | 2 | |
| Stronghold | 1 | |
| Great Hall | 1 | |
| Fortress | 1 | |
| Beastiary | 2 | |
128 total
» build order
00:11 Orc Burrow
00:14 War Mill
00:23 Altar of Storms
01:37 Watch Tower
02:29 Watch Tower
02:34 Watch Tower
02:54 Voodoo Lounge
03:09 Orc Burrow
03:36 Watch Tower
03:55 Watch Tower
04:18 Watch Tower
04:45 Watch Tower
04:48 Watch Tower
05:01 Watch Tower
05:31 Watch Tower
05:54 Watch Tower
06:47 Watch Tower
07:08 Watch Tower
07:09 Watch Tower
07:15 Watch Tower
07:51 Stronghold
08:25 Watch Tower
08:32 Watch Tower
08:37 Watch Tower
08:43 Watch Tower
08:44 Watch Tower
09:54 Great Hall
10:06 Watch Tower
10:06 Watch Tower
10:07 Watch Tower
10:08 Watch Tower
11:01 Fortress
11:13 Beastiary
11:39 Beastiary
11:42 Orc Burrow
11:48 Watch Tower
11:50 Watch Tower
11:51 Watch Tower
11:54 Watch Tower
11:55 Watch Tower
11:55 Watch Tower
13:13 Voodoo Lounge
13:15 Watch Tower
13:58 Watch Tower
13:58 Watch Tower
14:01 Watch Tower
14:03 Watch Tower
14:06 Watch Tower
14:21 Watch Tower
14:22 Watch Tower
14:24 Watch Tower
14:25 Watch Tower
14:27 Watch Tower
14:27 Watch Tower
18:36 Watch Tower
18:36 Watch Tower
18:37 Watch Tower
18:38 Watch Tower
18:54 Watch Tower
18:55 Watch Tower
18:59 Watch Tower
19:00 Watch Tower
20:31 Watch Tower
20:32 Watch Tower
20:32 Watch Tower
20:34 Watch Tower
20:35 Watch Tower
20:36 Watch Tower
23:09 Watch Tower
23:10 Watch Tower
23:11 Watch Tower
23:13 Watch Tower
25:25 Watch Tower
25:26 Watch Tower
27:13 Watch Tower
27:15 Watch Tower
27:18 Watch Tower
27:20 Watch Tower
27:39 Orc Burrow
27:39 Orc Burrow
27:42 Orc Burrow
27:48 Orc Burrow
27:49 Orc Burrow
36:28 Watch Tower
36:32 Watch Tower
36:34 Watch Tower
36:35 Watch Tower
36:36 Watch Tower
36:36 Watch Tower
38:56 War Mill
39:02 War Mill
40:16 Watch Tower
40:18 Watch Tower
41:26 Watch Tower
41:27 Watch Tower
42:44 Watch Tower
42:48 Watch Tower
44:18 Watch Tower
44:27 Watch Tower
47:44 Watch Tower
48:45 Watch Tower
49:11 Watch Tower
50:35 Watch Tower
50:42 Watch Tower
59:33 Orc Burrow
61:32 Orc Burrow
62:25 Orc Burrow
63:07 Altar of Storms
70:41 Orc Burrow
72:48 Orc Burrow
73:18 Orc Burrow
75:24 Orc Burrow
76:19 Watch Tower
77:34 Orc Burrow
78:46 Watch Tower
80:43 Watch Tower
80:45 Watch Tower
83:00 Watch Tower
84:25 Watch Tower
84:28 Watch Tower
84:29 Watch Tower
87:58 Watch Tower
88:09 Watch Tower
88:43 Watch Tower
89:29 Watch Tower
139:49 Watch Tower
156:37 Watch Tower
160:23 Watch Tower
» items
| Boots of Speed | 2 | |
| Staff of Teleportation | 2 | |
| Lesser Clarity Potion | 3 | |
| Healing Salve | 3 | |
| Orb of Lightning | 4 | |
| Pendant of Energy | 2 | |
| Ring of Regeneration | 1 | |
| Claws of Attack +12 | 1 | |
| Warsong Battle Drums | 1 | |
| Amulet of Spell Shield | 2 | |
| Potion of Healing | 1 | |
| Potion of Mana | 1 | |
| Replenishment Potion | 1 | |
| Khadgar's Gem of Health | 1 | |
| Ancient Janggo of Endurance | 1 | |
| Scroll of Town Portal | 1 | |
| Tome of Retraining | 2 | |
29 total
Mata. (
blue | 79 APM | 12800 actions | 161:01)
11 Dark Ranger
3 Black Arrow
3 Silence
3 Charm
2 Life Drain
» actions
| Assign group hotkey | 700 | |
| Basic commands | 76 | |
| Build / train | 251 | |
| ESC pressed | 18 | |
| Enter build submenu | 167 | |
| Enter hero's abilities submenu | 9 | |
| Give item / drop item | 34 | |
| Right click | 6275 | |
| Select / deselect | 1793 | |
| Select group hotkey | 2741 | |
| Use ability | 729 | |
12800 total
» units
| Peasant | 27 | |
| Flying Machine | 28 | |
| Goblin Zeppelin | 2 | |
57 total
» upgrades
| Masonry | 3 | |
| Lumber Harvesting | 2 | |
| Gunpowder | 3 | |
| Plating | 3 | |
| Flak Cannons | 1 | |
| Flying Machine Bombs | 1 | |
13 total
» buildings
| Altar of Kings | 1 | |
| Farm | 19 | |
| Lumber Mill | 3 | |
| Scout Tower | 133 | |
| Guard Tower | 125 | |
| Town Hall | 1 | |
| Arcane Vault | 1 | |
| Keep | 1 | |
| Blacksmith | 1 | |
| Castle | 1 | |
| Workshop | 2 | |
288 total
» build order
00:08 Altar of Kings
00:09 Farm
00:32 Lumber Mill
01:34 Scout Tower
01:36 Scout Tower
01:56 Farm
02:05 Guard Tower
02:05 Guard Tower
02:17 Guard Tower
02:21 Scout Tower
02:23 Scout Tower
02:24 Farm
02:38 Farm
02:56 Scout Tower
02:57 Scout Tower
03:21 Guard Tower
03:22 Guard Tower
03:44 Guard Tower
03:44 Guard Tower
03:45 Scout Tower
03:46 Scout Tower
04:06 Guard Tower
04:06 Guard Tower
04:32 Guard Tower
04:33 Scout Tower
04:34 Scout Tower
04:45 Town Hall
04:48 Scout Tower
04:48 Scout Tower
04:50 Scout Tower
04:50 Scout Tower
05:06 Guard Tower
05:09 Scout Tower
05:10 Scout Tower
05:20 Arcane Vault
05:21 Guard Tower
05:21 Guard Tower
05:21 Guard Tower
05:23 Guard Tower
05:23 Guard Tower
05:25 Guard Tower
05:25 Guard Tower
05:25 Guard Tower
05:38 Scout Tower
05:38 Scout Tower
05:42 Scout Tower
05:43 Scout Tower
05:43 Scout Tower
05:44 Scout Tower
05:44 Guard Tower
05:45 Guard Tower
05:59 Scout Tower
06:01 Scout Tower
06:18 Guard Tower
06:35 Guard Tower
06:36 Scout Tower
06:37 Scout Tower
06:58 Guard Tower
07:13 Guard Tower
07:14 Guard Tower
07:34 Keep
07:41 Scout Tower
07:42 Scout Tower
07:43 Scout Tower
07:43 Scout Tower
07:44 Scout Tower
07:44 Scout Tower
07:55 Scout Tower
07:56 Scout Tower
08:23 Scout Tower
08:28 Scout Tower
08:28 Scout Tower
08:29 Scout Tower
08:30 Scout Tower
08:31 Guard Tower
09:10 Guard Tower
09:13 Guard Tower
09:16 Scout Tower
09:16 Scout Tower
09:17 Scout Tower
09:18 Scout Tower
09:18 Scout Tower
09:19 Scout Tower
09:42 Guard Tower
09:42 Guard Tower
09:42 Guard Tower
09:49 Guard Tower
10:25 Guard Tower
10:27 Scout Tower
10:28 Scout Tower
10:45 Guard Tower
10:45 Guard Tower
10:53 Blacksmith
10:58 Guard Tower
11:01 Scout Tower
11:02 Scout Tower
11:03 Scout Tower
11:03 Scout Tower
11:04 Scout Tower
11:05 Scout Tower
11:05 Scout Tower
11:13 Guard Tower
11:14 Guard Tower
11:50 Castle
11:55 Scout Tower
11:56 Scout Tower
11:57 Scout Tower
11:58 Scout Tower
12:44 Guard Tower
12:44 Guard Tower
13:01 Scout Tower
13:02 Scout Tower
13:02 Scout Tower
13:03 Scout Tower
13:11 Workshop
13:13 Workshop
13:54 Guard Tower
13:55 Guard Tower
13:55 Farm
14:05 Guard Tower
14:05 Guard Tower
17:07 Farm
18:59 Farm
19:00 Farm
19:01 Farm
19:01 Farm
19:02 Farm
19:04 Farm
19:04 Farm
19:07 Farm
21:49 Farm
21:49 Farm
23:26 Farm
23:27 Farm
39:52 Scout Tower
39:54 Scout Tower
41:11 Lumber Mill
42:29 Guard Tower
42:29 Guard Tower
42:31 Scout Tower
42:33 Scout Tower
42:37 Scout Tower
42:52 Scout Tower
42:54 Scout Tower
43:14 Guard Tower
43:14 Guard Tower
43:27 Guard Tower
43:30 Scout Tower
43:43 Scout Tower
43:44 Scout Tower
43:47 Guard Tower
44:16 Guard Tower
44:16 Guard Tower
44:52 Guard Tower
45:09 Scout Tower
45:10 Scout Tower
46:07 Guard Tower
46:08 Guard Tower
46:08 Guard Tower
46:08 Guard Tower
46:25 Scout Tower
46:26 Scout Tower
46:27 Scout Tower
46:38 Scout Tower
46:39 Scout Tower
46:40 Scout Tower
46:42 Scout Tower
46:43 Scout Tower
46:43 Scout Tower
47:25 Scout Tower
47:26 Scout Tower
47:27 Scout Tower
47:33 Guard Tower
47:33 Guard Tower
47:53 Guard Tower
47:53 Guard Tower
48:11 Guard Tower
48:18 Guard Tower
48:18 Guard Tower
48:21 Scout Tower
48:45 Guard Tower
48:46 Guard Tower
48:50 Guard Tower
48:51 Guard Tower
48:51 Guard Tower
48:57 Scout Tower
48:58 Scout Tower
49:12 Guard Tower
49:12 Guard Tower
49:12 Guard Tower
49:14 Scout Tower
49:15 Scout Tower
49:16 Scout Tower
49:19 Guard Tower
49:19 Guard Tower
50:08 Guard Tower
50:08 Guard Tower
50:15 Scout Tower
50:27 Scout Tower
50:45 Scout Tower
50:46 Scout Tower
50:47 Scout Tower
50:48 Scout Tower
50:50 Guard Tower
50:51 Guard Tower
51:09 Guard Tower
51:09 Guard Tower
51:21 Guard Tower
51:22 Guard Tower
51:42 Scout Tower
51:43 Scout Tower
51:44 Scout Tower
52:21 Scout Tower
52:21 Scout Tower
52:22 Scout Tower
52:38 Guard Tower
53:26 Scout Tower
53:29 Scout Tower
53:31 Scout Tower
54:08 Guard Tower
54:08 Guard Tower
66:31 Scout Tower
66:45 Scout Tower
81:33 Scout Tower
81:39 Scout Tower
81:41 Scout Tower
81:42 Scout Tower
84:26 Scout Tower
86:37 Lumber Mill
86:50 Scout Tower
86:56 Scout Tower
87:06 Scout Tower
88:09 Guard Tower
88:10 Guard Tower
88:10 Guard Tower
88:10 Guard Tower
88:42 Guard Tower
88:42 Guard Tower
89:51 Scout Tower
89:55 Scout Tower
89:59 Scout Tower
90:26 Guard Tower
90:27 Guard Tower
90:31 Scout Tower
92:59 Scout Tower
93:36 Scout Tower
93:53 Scout Tower
94:12 Scout Tower
94:35 Scout Tower
95:02 Scout Tower
102:06 Scout Tower
103:17 Scout Tower
103:30 Scout Tower
103:54 Scout Tower
104:25 Farm
104:36 Scout Tower
104:54 Scout Tower
» items
| Boots of Speed | 1 | |
| Lesser Clarity Potion | 3 | |
| Khadgar's Pipe of Insight | 1 | |
| Scroll of Town Portal | 5 | |
| Staff of Teleportation | 1 | |
| Potion of Healing | 3 | |
| Healing Salve | 1 | |
| Pendant of Mana | 2 | |
| Staff of Sanctuary | 1 | |
| Potion of Mana | 2 | |
| Tiny Great Hall | 1 | |
| Amulet of Spell Shield | 1 | |
| Potion of Invisibility | 1 | |
23 total
team 2 (loser)

»
bladestream (
red | 67 APM | 6773 actions | 101:37)
5 Archmage
3 Summon Water Elemental
2 Brilliance Aura
5 Mountain King
3 Storm Bolt
2 Bash
3 Paladin
2 Holy Light
1 Divine Shield
» actions
| Assign group hotkey | 133 | |
| Basic commands | 289 | |
| Build / train | 239 | |
| Enter build submenu | 45 | |
| Enter hero's abilities submenu | 13 | |
| Give item / drop item | 4 | |
| Remove unit from queue | 4 | |
| Right click | 2502 | |
| Select / deselect | 1063 | |
| Select group hotkey | 2247 | |
| Use ability | 234 | |
6773 total
» units
| Peasant | 39 | |
| Footman | 10 | |
| Dragonhawk Rider | 32 | |
| Gryphon Rider | 15 | |
| Knight | 2 | |
| Mortar Team | 4 | |
| Flying Machine | 60 | |
162 total
» upgrades
| Defend | 1 | |
| Lumber Harvesting | 2 | |
| Storm Hammers | 1 | |
| Animal War Training | 1 | |
| Plating | 3 | |
| Cloud | 1 | |
| Masonry | 1 | |
| Swords | 2 | |
| Fragmentation Shards | 1 | |
| Flare | 1 | |
| Armor | 2 | |
16 total
» buildings
| Altar of Kings | 1 | |
| Barracks | 1 | |
| Farm | 12 | |
| Scout Tower | 10 | |
| Arcane Tower | 2 | |
| Lumber Mill | 1 | |
| Town Hall | 5 | |
| Arcane Vault | 1 | |
| Guard Tower | 10 | |
| Keep | 3 | |
| Castle | 1 | |
| Blacksmith | 1 | |
| Gryphon Aviary | 2 | |
| Workshop | 1 | |
51 total
» build order
00:07 Altar of Kings
00:16 Barracks
00:27 Farm
00:42 Farm
01:48 Scout Tower
02:32 Farm
02:34 Arcane Tower
03:03 Lumber Mill
03:30 Farm
03:41 Scout Tower
03:56 Arcane Tower
03:59 Town Hall
04:31 Arcane Vault
05:08 Scout Tower
05:35 Guard Tower
05:50 Scout Tower
06:04 Keep
06:04 Keep
06:19 Guard Tower
06:41 Farm
06:47 Scout Tower
07:14 Guard Tower
08:34 Castle
08:38 Blacksmith
08:41 Gryphon Aviary
08:44 Gryphon Aviary
10:54 Guard Tower
11:46 Town Hall
11:58 Farm
12:17 Farm
12:42 Farm
12:59 Farm
13:10 Farm
13:55 Farm
14:35 Farm
20:25 Town Hall
26:17 Guard Tower
27:53 Workshop
35:24 Scout Tower
36:17 Guard Tower
36:21 Scout Tower
36:26 Town Hall
39:04 Guard Tower
39:04 Guard Tower
39:10 Guard Tower
42:55 Scout Tower
42:56 Scout Tower
42:57 Scout Tower
43:40 Guard Tower
45:28 Town Hall
» items
| Scroll of Regeneration | 2 | |
| Lesser Clarity Potion | 4 | |
| Potion of Healing | 7 | |
| Ivory Tower | 7 | |
| Orb of Fire | 2 | |
| Potion of Mana | 1 | |
| Dust of Appearance | 1 | |
24 total
guanjian (
pink | 48 APM | 7800 actions | 161:01)
8 Death Knight
3 Death Coil
3 Unholy Aura
1 Animate Dead
1 Death Pact
7 Crypt Lord
3 Impale
3 Spiked Carapace
1 Locust Swarm
» actions
| Assign group hotkey | 156 | |
| Basic commands | 10 | |
| Build / train | 160 | |
| Enter build submenu | 35 | |
| Enter hero's abilities submenu | 15 | |
| Give item / drop item | 27 | |
| Remove unit from queue | 9 | |
| Right click | 3483 | |
| Select / deselect | 1195 | |
| Select group hotkey | 2495 | |
| Use ability | 215 | |
7800 total
» units
| Acolyte | 20 | |
| Ghoul | 4 | |
| Crypt Fiend | 19 | |
| Frost Wyrm | 6 | |
| Necromancer | 17 | |
| Meatwagon | 9 | |
| Obsidian Statue | 1 | |
| Gargoyle | 28 | |
104 total
» upgrades
| Creature Attack | 3 | |
| Web | 1 | |
| Burrow | 1 | |
| Creature Carapace | 1 | |
| Necromancer Training | 2 | |
| Freezing Breath | 1 | |
| Skeletal Longevity | 1 | |
| Exhume Corpses | 1 | |
| Unholy Strength | 0 | |
| Stone Form | 1 | |
12 total
» buildings
| Graveyard | 1 | |
| Crypt | 3 | |
| Altar of Darkness | 1 | |
| Ziggurat | 10 | |
| Tomb of Relics | 1 | |
| Halls of the Dead | 1 | |
| Nerubian Tower | 2 | |
| Black Citadel | 1 | |
| Sacrificial Pit | 1 | |
| Boneyard | 3 | |
| Temple of the Damned | 2 | |
| Slaughterhouse | 1 | |
27 total
» build order
00:15 Graveyard
00:17 Crypt
00:44 Altar of Darkness
00:58 Ziggurat
01:27 Tomb of Relics
02:01 Ziggurat
03:39 Halls of the Dead
04:19 Ziggurat
04:47 Ziggurat
05:15 Ziggurat
06:35 Nerubian Tower
06:57 Black Citadel
07:53 Sacrificial Pit
08:53 Ziggurat
08:54 Ziggurat
09:43 Boneyard
11:30 Temple of the Damned
14:20 Ziggurat
16:31 Ziggurat
24:33 Slaughterhouse
27:56 Temple of the Damned
53:11 Boneyard
53:17 Boneyard
53:26 Crypt
53:28 Crypt
64:56 Ziggurat
67:00 Nerubian Tower
» items
| Rod of Necromancy | 1 | |
| Potion of Healing | 4 | |
| Potion of Mana | 3 | |
| Potion of Lesser Invulnerability | 1 | |
| Scroll of Healing | 1 | |
| Scroll of Town Portal | 1 | |
| Boots of Speed | 3 | |
14 total
zymx (
yellow | 47 APM | 7506 actions | 161:01)
7 Demon Hunter
3 Mana Burn
3 Evasion
1 Metamorphosis
1 Mountain King
1 Avatar
1 Paladin
1 Devotion Aura
1 Archmage
1 Brilliance Aura
» actions
| Assign group hotkey | 384 | |
| Basic commands | 110 | |
| Build / train | 116 | |
| ESC pressed | 2 | |
| Enter build submenu | 30 | |
| Enter hero's abilities submenu | 10 | |
| Give item / drop item | 10 | |
| Remove unit from queue | 5 | |
| Right click | 3358 | |
| Select / deselect | 1227 | |
| Select group hotkey | 2052 | |
| Use ability | 202 | |
7506 total
» units
| Wisp | 40 | |
| Huntress | 2 | |
| Glaive Thrower | 1 | |
| Hippogryph | 21 | |
| Chimaera | 23 | |
87 total
» upgrades
| Ultravision | 1 | |
| Corrosive Breath | 1 | |
2 total
» buildings
| Altar of Elders | 1 | |
| Moon Well | 8 | |
| Hunter's Hall | 1 | |
| Ancient of War | 2 | |
| Tree of Ages | 1 | |
| Tree of Life | 6 | |
| Tree of Eternity | 2 | |
| Ancient of Wind | 1 | |
| Ancient Protector | 3 | |
| Ancient of Wonders | 1 | |
| Chimaera Roost | 3 | |
29 total
» build order
00:06 Altar of Elders
00:18 Moon Well
01:47 Hunter's Hall
01:58 Ancient of War
02:05 Moon Well
02:28 Ancient of War
03:22 Tree of Ages
05:13 Tree of Life
05:29 Moon Well
05:43 Tree of Eternity
05:43 Tree of Eternity
05:47 Ancient of Wind
07:15 Ancient Protector
07:23 Ancient of Wonders
08:20 Chimaera Roost
08:25 Chimaera Roost
09:12 Ancient Protector
10:30 Chimaera Roost
10:44 Ancient Protector
11:00 Moon Well
11:48 Moon Well
12:08 Moon Well
12:13 Moon Well
14:00 Moon Well
32:46 Tree of Life
35:10 Tree of Life
35:28 Tree of Life
40:09 Tree of Life
49:06 Tree of Life
» items
| Orb of Venom | 1 | |
| Staff of Preservation | 1 | |
| Potion of Healing | 1 | |
| Dust of Appearance | 3 | |
| Staff of Teleportation | 1 | |
| Boots of Speed | 1 | |
8 total
Chat log
(00:20 / Allies) Mata.: find race of red
(00:24 / Allies) Mata.: and i'll tower you
(01:14 / Allies) Mata.: Tay.
(01:24 / All) dirtmcwordup: git out yeller belly cock sucka motha fucka
(01:47 / All) dirtmcwordup: nah j/k welcum to my humble abode gl hf
(01:59 / Allies) Mata.: my humbell abode
(02:02 / Allies) dirtmcwordup: yo mata
(02:07 / Allies) dirtmcwordup: i axed for large number 1
(02:10 / Allies) dirtmcwordup: they give me supersize
(02:19 / Allies) dirtmcwordup: supersize got no freaken monopoly pieces..............gay as hell
(02:26 / Allies) dirtmcwordup: and i dont want all that food
(02:31 / Allies) dirtmcwordup: jerks..
(02:43 / Allies) BEAR_AND: hunt
(02:45 / Allies) Mata.: bear and give me some gold
(02:47 / Allies) Mata.: before you lose your base
(02:59 / Allies) Mata.: now give me lumber
(04:57 / Allies) Mata.: i too need lum
(06:08 / Allies) Mata.: lum
(07:10 / Allies) BEAR_AND: brb
(08:08 / Allies) Mata.: crept
(08:23 / Allies) BEAR_AND: back
(09:52 / Allies) Mata.: kill a foot
(10:04 / Allies) Mata.: or get blocked
(10:05 / Allies) Mata.: by an elemental
(10:29 / Allies) BEAR_AND: more towert please
(10:32 / Allies) Mata.: i'm always in charge of mountain
(10:35 / Allies) Mata.: so i'm not going to do itthis game
(11:29 / Allies) Mata.: not getting fstrike :-)
(14:24 / Allies) Mata.: what have you been spending that lumber on
(14:40 / Allies) Mata.: oh bear is getting chim
(14:54 / Allies) Mata.: i dont think you should kill them
(15:16 / Allies) Mata.: come with chim
(15:28 / Allies) Mata.: nah
(15:39 / Allies) Mata.: will silence etc
(15:46 / Allies) Mata.: go
(16:13 / Allies) Mata.: +12s are available
(16:15 / Allies) Mata.: stack your blade
(16:22 / Allies) Mata.: i can silence them
(16:41 / Allies) Mata.: no
(16:47 / Allies) Mata.: and fu for taking my pendant
(20:24 / Allies) Mata.: dibs on pend
(20:43 / Allies) Mata.: gyros sent
(21:33 / Allies) Mata.: ding
(22:39 / Allies) Mata.: gonig 100 food btw
(27:31 / Allies) Mata.: pick workers up any time
(30:32 / Allies) Mata.: imho let them have it
(31:10 / Allies) Mata.: eat trees please
(34:59 / Allies) Mata.: can you pick up workers
(35:21 / All) Mata.: bg... teammates noobs
(35:30 / Allies) Mata.: yeah
(35:32 / Allies) Mata.: sure
(36:53 / Allies) Mata.: those my lasdt workers
(36:54 / Allies) Mata.: be careful
(38:17 / Allies) Mata.: no
(38:20 / Allies) Mata.: it's dangerous
(40:35 / All) guanjian: GG
(40:50 / All) dirtmcwordup: gg///
(41:02 / Allies) Mata.: let me make mill in valley then
(43:08 / Allies) Mata.: yomp from it first
(43:11 / Allies) Mata.: it's a good yomping start
(43:45 / Allies) Mata.: tay one sec
(44:28 / All) Mata.: how you guys doen
(44:41 / Allies) Mata.: mb yomp from here to mainland
(45:02 / Allies) Mata.: buildnig towers there
(45:19 / Allies) Mata.: sold it
(45:28 / Allies) Mata.: i have mad mana items i can give you tho
(45:33 / Allies) Mata.: take em all off then put my mana items on
(45:36 / Allies) Mata.: and you have infinite yomps
(46:16 / Allies) Mata.: damn that yomp was far
(46:18 / Allies) Mata.: they found it
(47:22 / Allies) Mata.: thats a lot of air right there
(47:42 / Allies) Mata.: i have 100 food gyro
(47:46 / Allies) Mata.: they can't touch us
(48:34 / Allies) Mata.: hm.
(48:53 / Allies) Mata.: yomp again
(49:26 / Allies) Mata.: this island is filling up
(49:34 / Allies) Mata.: should i send gyros out
(49:43 / Allies) Mata.: i have some hawks but not enough
(49:46 / Allies) Mata.: just scare em off
(50:09 / Allies) Mata.: yomp again
(50:37 / Allies) Mata.: yeah it doesn't always measure distance
(51:01 / Allies) Mata.: fill that up with dott
(51:07 / Allies) Mata.: or put warden there
(51:40 / Allies) Mata.: nice
(51:56 / Allies) Mata.: sending towers to that island
(52:07 / Allies) Mata.: hehe
(52:24 / Allies) Mata.: yomp
(52:31 / Allies) Mata.: weird
(52:36 / Allies) Mata.: oh patch that up and go again
(53:04 / Allies) Mata.: hell yeah
(53:15 / Allies) Mata.: fillen
(53:21 / Allies) Mata.: you need to retrain
(53:38 / Allies) Mata.: cant fill it all up
(53:46 / Allies) Mata.: yom
(53:47 / Allies) Mata.: p
(55:05 / Allies) Mata.: that is not safe atm
(55:18 / All) BEAR_AND: hey hi
(55:19 / Allies) Mata.: a yomp from here
(55:20 / Allies) Mata.: would be swet
(55:22 / Allies) Mata.: we need more dott
(55:27 / All) guanjian: YOU FUCKERS
(55:39 / Allies) Mata.: pleaze do
(55:44 / Allies) Mata.: good place
(55:45 / Allies) Mata.: to build dott
(56:23 / Allies) Mata.: we could let him root that aowing
(56:24 / Allies) Mata.: wind
(56:27 / Allies) Mata.: but it would need to kill towers
(56:55 / Allies) Mata.: git out
(57:33 / Allies) Mata.: we losea da wisp
(57:50 / Allies) Mata.: our only wisps right
(58:49 / Allies) Mata.: didnt see armies
(59:03 / Allies) Mata.: let me staff to warden
(59:10 / Allies) Mata.: i want to charm some of the wisps you're killing
(59:38 / All) BEAR_AND: hey hello
(59:42 / All) BEAR_AND: gl hf
(60:14 / Allies) Mata.: dont really need it
(60:29 / Allies) Mata.: get this zep
(60:32 / Allies) Mata.: to our main
(60:33 / Allies) Mata.: safely
(60:35 / Allies) Mata.: use air to escort
(61:01 / Allies) Mata.: gj
(61:27 / Allies) Mata.: should i just tp up with it
(61:28 / All) BEAR_AND: how r you enjoying this gam
(61:40 / Allies) Mata.: they have air
(61:50 / Allies) Mata.: 10 gold for us
(63:11 / All) BEAR_AND: pizza time
(63:13 / All) BEAR_AND: pls
(63:14 / All) dirtmcwordup: pizza at door
(63:16 / All) BEAR_AND: just 1 min
(63:17 / All) dirtmcwordup: hold on one sec plz
(63:19 / All) BEAR_AND: i gott apay
(63:22 / All) BEAR_AND: ty
(63:22 / All) dirtmcwordup: ty he brb
(63:23 / All) dirtmcwordup: plz
(63:25 / All) dirtmcwordup: plz
(63:26 / All) dirtmcwordup: brb pklz
(63:30 / All) dirtmcwordup: please
(63:31 / All) dirtmcwordup: he brb
(63:35 / All) dirtmcwordup: ok thx for waiting guys
(63:38 / All) BEAR_AND: ok im back thaks
(63:53 / All) bladestream: p ni ma le ge bi ]
(64:52 / Allies) Mata.: ?
(65:02 / Allies) Mata.: did you kill your last orker?
(65:11 / Allies) Mata.: why the worker tho
(65:29 / Allies) Mata.: so now you're at 54 food and have to kill just as many wyverns
(65:42 / Allies) Mata.: ?
(65:48 / Allies) Mata.: oh
(65:51 / Allies) Mata.: thought you were going 55
(65:54 / Allies) Mata.: 45
(66:12 / Allies) Mata.: have bear gold you
(67:01 / Allies) Mata.: is lista dead?
(69:33 / Allies) Mata.: timg you need to build burrow(s)
(69:39 / Allies) dirtmcwordup: wear
(69:58 / Allies) dirtmcwordup: makea me some room
(70:04 / Allies) Mata.: come chop
(71:14 / Allies) Mata.: keep air here
(71:16 / Allies) Mata.: this your last worker after all
(72:21 / Allies) Mata.: heh they have no anti sh
(72:24 / Allies) Mata.: just aa
(72:30 / Allies) Mata.: gyros will eat they air
(72:35 / Allies) dirtmcwordup: they got an sbolt but it cant reach and i got amulet
(73:02 / Allies) Mata.: no mill
(73:55 / Allies) Mata.: if peons can repair air why cant they attack it
(74:32 / Allies) Mata.: build 2 burrows ok
(74:47 / Allies) Mata.: timg
(74:48 / Allies) Mata.: tab in
(74:57 / Allies) Mata.: wow
(75:15 / Allies) Mata.: you weren't building burrows
(75:25 / Allies) Mata.: how about you do it
(75:57 / Allies) Mata.: had you built it better
(76:03 / Allies) Mata.: i could have cleared tree below your current burror
(76:50 / Allies) Mata.: wtg
(76:53 / Allies) Mata.: maybe time to blink
(77:50 / Allies) Mata.: i can fit a mill up here eventually
(78:54 / Allies) Mata.: res
(79:01 / Allies) Mata.: finally game can continue
(79:18 / All) BEAR_AND: whahahahhah apwnage
(79:23 / All) dirtmcwordup: waaaaahahaha
(79:50 / Allies) Mata.: what is guy doing./
(80:30 / Allies) Mata.: its yomping time
(81:24 / Allies) Mata.: guy sent
(82:24 / Allies) Mata.: yomp
(82:32 / Allies) Mata.: oh rgiht
(83:21 / Allies) Mata.: all of it
(83:48 / Allies) Mata.: damn
(83:59 / Allies) Mata.: sending chim
(84:07 / Allies) Mata.: bbv my chim
(84:09 / Allies) Mata.: and i'll go in
(84:13 / Allies) Mata.: next time he shows
(85:06 / Allies) Mata.: yomp
(85:07 / Allies) Mata.: wait
(85:09 / Allies) Mata.: south island
(85:10 / Allies) Mata.: i forgot
(85:52 / Allies) Mata.: dont lose that zep
(86:17 / Allies) Mata.: you want me to pick up there
(87:36 / Allies) Mata.: put warden there
(89:08 / Allies) Mata.: you should yomp
(90:13 / Allies) Mata.: cant land on south island now
(90:39 / Allies) Mata.: next game
(90:41 / Allies) Mata.: we yomp that
(91:00 / Allies) Mata.: hmmm
(91:03 / Allies) Mata.: yes i want to yomp that too
(91:25 / Allies) Mata.: can you jump down in the water
(91:29 / Allies) Mata.: nice
(91:46 / Allies) Mata.: try now
(91:52 / Allies) Mata.: so far
(92:13 / Allies) Mata.: yeah
(92:16 / Allies) Mata.: but we get placement errors
(92:27 / Allies) Mata.: hmm
(92:41 / Allies) Mata.: can you mi now
(92:47 / Allies) Mata.: nope
(92:53 / Allies) Mata.: ok
(93:16 / Allies) Mata.: you do the towers
(93:18 / Allies) Mata.: it's too laggy
(93:23 / Allies) Mata.: wait
(93:25 / Allies) Mata.: mb you cant
(93:32 / Allies) Mata.: ok
(93:42 / Allies) Mata.: i was too fast
(94:10 / Allies) Mata.: if we were 4 we could just block eacho ne
(94:14 / Allies) Mata.: too slow
(94:16 / Allies) Mata.: i was typing
(94:44 / Allies) Mata.: holy shit
(95:00 / Allies) Mata.: that's never happened before
(95:33 / Allies) Mata.: can you yomp down in the water
(99:02 / All) bladestream: r u guys fucking for money
(100:15 / Allies) Mata.: yes
(100:18 / Allies) Mata.: the yomp was worth it tho
(100:30 / Allies) Mata.: from where sh was
(100:32 / Allies) Mata.: first
(100:33 / Allies) Mata.: then
(100:38 / Allies) Mata.: yes
(100:42 / Allies) Mata.: then from behidn the shop
(100:44 / Allies) Mata.: onto the shop
(100:49 / Allies) Mata.: and i stormed some fiends to death
(100:53 / Allies) Mata.: that one's gonna be in the movie
(101:40 / All) dirtmcwordup: huh
(101:42 / All) Mata.: dont leave
(101:54 / Allies) Mata.: i wanna see how far you can yomp
(102:01 / Allies) Mata.: i cleared another spot here
(102:17 / Allies) Mata.: see if you can yomp to south islnd now
(102:29 / Allies) Mata.: try now
(102:38 / Allies) Mata.: yeah that's as far as it goes
(102:45 / Allies) Mata.: not 1 square further
(103:03 / Allies) Mata.: wanna do another aided one
(103:21 / Allies) Mata.: right
(103:23 / Allies) Mata.: i was in the way
(103:36 / Allies) Mata.: we gotta fill that
(103:40 / Allies) Mata.: yes
(103:41 / Allies) Mata.: it's a spot
(103:43 / Allies) Mata.: get my worker there
(104:01 / Allies) Mata.: try now
(104:09 / Allies) Mata.: gayyy
(104:39 / Allies) Mata.: haha
(104:42 / Allies) Mata.: your in the tower
(104:46 / Allies) Mata.: wait
(104:47 / Allies) Mata.: dont move yet
(105:02 / Allies) Mata.: can you move
(105:03 / Allies) Mata.: just regular
(105:39 / Allies) Mata.: they'll leave i bet
(105:48 / Allies) Mata.: blade is stuck that's sweet
(105:50 / Allies) Mata.: try MI
(105:54 / Allies) Mata.: well you'll end up there
(105:57 / Allies) Mata.: can you fill that first
(106:04 / Allies) Mata.: my last
(106:05 / Allies) Mata.: i don't know...
(106:21 / Allies) Mata.: one is enuf
(106:39 / Allies) Mata.: go
(106:46 / Allies) Mata.: ae
(106:47 / Allies) Mata.: aw
(106:48 / Allies) Mata.: dumb druids
(106:51 / Allies) Mata.: wait
(106:55 / Allies) Mata.: filling it
(106:58 / Allies) Mata.: gay
(107:18 / Allies) Mata.: grabbing your sh
(107:33 / Allies) Mata.: arg
(107:46 / Allies) Mata.: its flying
(107:55 / Allies) Mata.: nice
(108:02 / Allies) Mata.: mi again and you land
(108:31 / Allies) Mata.: put off your mana shit
(108:32 / Allies) Mata.: and well up
(119:23 / Allies) Mata.: wowwww
(119:23 / Allies) Mata.: gay
(120:01 / Allies) Mata.: you can jump down to the water too
(120:02 / Allies) Mata.: that's about it
(120:13 / Allies) Mata.: i mean from the top one
(120:15 / Allies) Mata.: you can jump down there
(120:24 / Allies) Mata.: like here
(120:26 / Allies) Mata.: you can jump down
(120:52 / Allies) Mata.: peons can land in many places on that island
(120:53 / Allies) Mata.: blade only 1
(121:29 / Allies) Mata.: this island mb
(121:46 / Allies) Mata.: staff
(121:47 / Allies) Mata.: maybe
(121:54 / Allies) Mata.: they wont
(121:57 / All) guanjian: cao ni men de ma de chou bi
(121:58 / Allies) Mata.: well now they will cause you waited
(122:02 / Allies) Mata.: nice dodge
(122:07 / All) guanjian: chou bi
(122:11 / All) guanjian: cao ni men
(122:15 / Allies) Mata.: a nice yomp tho
(122:21 / All) guanjian: ni ta ma bi shi bu shi qian cao
(122:29 / All) dirtmcwordup: chinese hahahahahaha faggo lil d ick
(122:39 / Allies) Mata.: man they're chinese
(122:41 / Allies) Mata.: they'll never leave
(122:47 / All) guanjian: ni ma sheng le ni shi shi jie shang zui bu xing de shi qing
(122:50 / Allies) Mata.: until they die from dehydration in like 4 dayts
(123:04 / Allies) Mata.: amybe that one
(123:20 / All) guanjian: u know what that mean?
(123:22 / Allies) Mata.: maybe i staff
(123:30 / All) Mata.: shi shi means yes i think
(123:34 / All) Mata.: i mean thanks
(123:35 / All) Mata.: it means thanks right
(123:41 / All) guanjian: lol
(124:08 / All) guanjian: it means u r the best to fuck ur mother
(124:31 / All) Mata.: i was in silk market and picked up some chinese (along with some very cheap clothes)
(124:50 / Allies) Mata.: :(
(124:51 / Allies) Mata.: try diff angle
(125:08 / Allies) Mata.: nah nothin
(125:30 / Allies) Mata.: that's sweet tho
(125:39 / Allies) Mata.: yomping into enemy shit is videoworthy
(126:04 / Allies) Mata.: too far
(126:06 / Allies) Mata.: wow
(126:07 / All) zymx: u there ?
(126:18 / Allies) Mata.: drop peon
(126:23 / Allies) Mata.: on old spot
(126:46 / Allies) Mata.: it's not the same
(126:47 / Allies) Mata.: elevation
(127:57 / Allies) Mata.: have we ever yomped upwards?
(128:02 / Allies) Mata.: a ba yomp?
(129:12 / Allies) Mata.: that looks promising for some nice yomps
(129:58 / Allies) Mata.: 1s
(130:09 / Allies) Mata.: ok nm
(130:19 / Allies) Mata.: looked promesen
(131:31 / Allies) Mata.: woa
(132:24 / Allies) Mata.: dat nigga needs to rest
(133:33 / Allies) Mata.: dang
(133:39 / Allies) Mata.: too far
(133:47 / Allies) Mata.: well u do it then
(134:21 / Allies) Mata.: you chop some trees then
(135:40 / Allies) Mata.: yeh
(135:51 / Allies) Mata.: just make one of those jetpack guys
(135:54 / Allies) Mata.: clip across the entire map
(135:59 / Allies) Mata.: we should have another guy
(136:00 / Allies) Mata.: build a farm there
(136:05 / Allies) Mata.: at same time
(136:40 / Allies) Mata.: woot
(136:46 / Allies) Mata.: meets da peon
(137:40 / Allies) Mata.: very far
(138:02 / All) Mata.: you're doing great bro
(138:30 / Allies) Mata.: gonna charm next sucka that attacks
(138:46 / Allies) Mata.: this is like ab yomp island
(139:08 / Allies) Mata.: its not
(139:21 / Allies) Mata.: i need zep here
(139:22 / Allies) Mata.: for charm
(139:55 / Allies) Mata.: do it
(139:56 / Allies) Mata.: i'm defending
(140:41 / Allies) Mata.: level 2 holy lighting me to death
(141:28 / Allies) Mata.: i'm interested in the ba really
(141:45 / Allies) Mata.: maybe a low island
(141:46 / Allies) Mata.: or something
(142:46 / Allies) Mata.: 15 or something
(143:07 / Allies) Mata.: angle
(143:08 / Allies) Mata.: better
(143:31 / Allies) Mata.: whatever ab yomps not in high demand
(143:38 / Allies) Mata.: this is a sweet creek
(145:08 / Allies) Mata.: hes busy with our towers
(145:16 / Allies) Mata.: not a bad spread
(145:24 / Allies) Mata.: i like it when real one stays kind of
(145:31 / Allies) Mata.: it's like he shits out mirror images that just fly out
(145:54 / Allies) Mata.: nice otherwise that island was ba yomp potential
(146:04 / Allies) Mata.: here mebbe
(146:21 / Allies) Mata.: nm
(146:22 / Allies) Mata.: carry on
(146:37 / Allies) Mata.: got it faggot
(146:39 / All) Mata.: gg
(147:13 / Allies) Mata.: forest yomp
(147:14 / Allies) Mata.: might get sweet
(147:41 / Allies) Mata.: hehe
(147:42 / Allies) Mata.: yeah
(147:58 / Allies) Mata.: no that's good
(148:21 / Allies) Mata.: it's very next-best thing tho
(148:29 / Allies) Mata.: that 1 is fine
(148:32 / Allies) Mata.: you either jump thru the mountain
(148:34 / Allies) Mata.: or thru the orest
(148:36 / Allies) Mata.: maybe both
(149:07 / Allies) Mata.: this forest looks like its packed tight
(149:36 / Allies) Mata.: that was aweosme
(150:45 / Allies) Mata.: nowhere probably
(150:54 / Allies) Mata.: has there ever been an ac yomp (more than one elevation)
(152:18 / Allies) Mata.: awesome
(152:29 / Allies) Mata.: skip skidaddle
(152:37 / Allies) Mata.: drop the payload as it were
(152:45 / Allies) Mata.: why do you fly over the trees only
(153:56 / Allies) Mata.: idk
(154:01 / Allies) Mata.: I Dunno
(154:33 / Allies) Mata.: oh shit
(154:40 / Allies) Mata.: ud heroes are still here
(154:48 / Allies) Mata.: yo now you must yomp for your life
(155:01 / Allies) Mata.: that'd be crazy if they shot down your zep over some 1x1 square
(155:08 / Allies) Mata.: and you had to pull off the greatest yomp
(155:11 / Allies) Mata.: to survive
(155:22 / Allies) Mata.: air coming to meet your zep
(155:59 / Allies) Mata.: fill up the valley with shit
(156:01 / Allies) Mata.: then yomp around there
(156:55 / Allies) Mata.: where do they keep getting chims
(156:57 / Allies) Mata.: i thought i had the last on
(158:09 / Allies) Mata.: heh
(158:15 / Allies) Mata.: didnt even see that
(158:23 / Allies) Mata.: it was ok
(159:41 / Allies) Mata.: i wonder if we're the only people in the world to know this much about yomping
(160:08 / Allies) Mata.: cool
(160:18 / Allies) Mata.: was killing their (last?) chim